AoeStats
← JIJINz

African Clearing

510812595Analyzed
4v4 RM · 20h ago on Oct 2, 2026· 43m 47s· 8 players
Game mode
Random Map
Map size
Large (8 player)
Population
200
Speed
Normal
Resources
Standard
Victory
Conquest
Starting age
Dark Age
Ending age
Imperial Age
RankedLock teamsTeams togetherTeam positionsShared explorationLock speedFull tech treeHidden civsTurbo modeCheats
Victory
Defeat
1588
+13
🇯🇵 Saxons · Japan
1561
+14
🇷🇺 Saracens · Russia
1555
+15
🇩🇪 Romans · Germany
1543
+15
🇧🇷 Varangians · Brazil
1706
-21
🇲🇽 Koreans · Mexico
1537
-14
🇧🇷 Mongols · Brazil
1431
-11
🇧🇷 Khmer · Brazil
1427
-11
peah90
4:08 Loom
13:16 Feudal Age
17:10 Castle Age
16:07 Horse Collar
16:25 Double-Bit Axe
17:46 Town Watch
17:58 Gold Mining
28:49 Fletching
32:15 Ballistics
33:57 Wheelbarrow
33:38 Forging
37:22 Hand Cart
41:34 Ballistas
StickyFingaz
5:39 Loom
14:38 Feudal Age
18:16 Castle Age
17:01 Double-Bit Axe
18:04 Horse Collar
19:22 Bow Saw
26:25 Stone Mining
29:05 Scale Barding Armor
30:14 Chain Barding Armor
30:36 Bloodlines
31:46 Husbandry
32:35 Wheelbarrow
36:40 Imperial Age
35:53 Hand Cart
37:14 Forging
36:46 Elite Mameluke
38:07 Plate Barding Armor
38:49 Two-Man Saw
38:52 Iron Casting
39:15 Conscription
41:47 Blast Furnace
42:49 Bimaristan
42:25 Light Cavalry
43:32 Hussar
JIJINz
12:45 Feudal Age
11:02 Loom
17:16 Castle Age
16:13 Double-Bit Axe
16:47 Fletching
18:13 Bodkin Arrow
18:34 Bow Saw
24:06 Gold Mining
24:06 Stone Mining
27:18 Padded Archer Armor
28:38 Scale Mail Armor
29:35 Fishing Lines
30:32 Chain Mail Armor
31:22 Ballistics
32:36 Squires
33:07 Husbandry
33:58 Leather Archer Armor
33:29 Horse Collar
34:32 Thumb Ring
34:40 Bloodlines
39:19 Imperial Age
39:04 Wheelbarrow
39:25 Sanctity
39:11 Town Watch
40:12 Gold Shaft Mining
39:09 Clerical Recruitment
41:11 Conscription
40:57 Bracer
42:09 Chemistry
42:15 Siege Engineers
42:01 Cranequins
43:09 Heavy Mounted Crossbowman
44:12 Heavy Plow
trói em vào cột điện
4:15 Loom
12:45 Feudal Age
13:32 Double-Bit Axe
25:20 Castle Age
24:07 Bloodlines
25:05 Scale Barding Armor
26:26 Chain Barding Armor
36:43 Horse Collar
38:57 Wheelbarrow
39:36 Bow Saw
40:28 Town Watch
40:57 Forging
46:44 Imperial Age
GAX | ERV
12:02 Loom
14:10 Feudal Age
17:58 Castle Age
16:34 Double-Bit Axe
21:12 Fletching
27:53 Bodkin Arrow
30:43 Wheelbarrow
30:49 Bow Saw
30:30 Horse Collar
37:41 Imperial Age
35:23 Crossbowman
36:21 Thumb Ring
37:05 Gold Mining
37:16 Heavy Plow
37:34 Hand Cart
37:56 Arbalester
39:27 Bracer
Chimas
3:23 Loom
12:03 Feudal Age
12:33 Double-Bit Axe
16:33 Town Watch
17:01 Bloodlines
19:01 Forging
25:49 Castle Age
23:51 Horse Collar
25:15 Scale Barding Armor
25:15 Gold Mining
26:59 Chain Barding Armor
26:52 Husbandry
35:49 Wheelbarrow
42:38 Iron Casting
GAX | SUPERBOY
4:51 Loom
14:46 Feudal Age
15:50 Double-Bit Axe
18:55 Castle Age
17:14 Town Watch
20:38 Gold Mining
31:11 Wheelbarrow
31:44 Gold Shaft Mining
31:31 Bow Saw
31:03 Horse Collar
35:48 Hand Cart
38:44 Heavy Plow
40:06 Fletching
40:17 Padded Archer Armor
T0P_Obelisk
10:22 Loom
12:31 Feudal Age
13:20 Double-Bit Axe
20:22 Horse Collar
23:23 Fletching
24:57 Padded Archer Armor
27:01 Castle Age
26:15 Wheelbarrow
29:17 Bodkin Arrow
30:37 Leather Archer Armor
33:42 Elite Skirmisher
37:58 Imperial Age
36:26 Hand Cart
39:26 Town Watch
40:10 Elite Ballista Elephant
40:36 Capped Ram
Connection lost

Rejoining the realm…

Still unreachable

The connection could not be restored.

Session expired

The server has moved on; the page needs a fresh start.